 Dungeon Crawl Stone Soup version 0.27.0-1-g7a089689b8 (webtiles) character file.

Game seed: 9901837251783079169

89 hawla the Grave Robber (level 4, -3/25 HPs)
             Began as a Deep Elf Necromancer on Aug 4, 2021.
             Slain by a hobgoblin (6 damage)
             ... led by Robin
             ... on level 3 of the Dungeon on Aug 5, 2021.
             The game lasted 00:08:28 (3550 turns).

hawla the Grave Robber (Deep Elf Necromancer)       Turns: 3550, Time: 00:08:28

Health: -3/25      AC:  2    Str:  5    XL:     4   Next: 31%
Magic:  0/12       EV: 13    Int: 21    God:
Gold:   94         SH:  0    Dex: 15    Spells: 3/11 levels left

rFire    . . .     SeeInvis .   b - staff of cold
rCold    + . .     Faith    .   (no shield)
rNeg     . . .     Spirit   .   a - +0 robe
rPois    .         Reflect  .   (no helmet)
rElec    .         Harm     .   (no cloak)
rCorr    .         Rampage  .   (no gloves)
Will     .....                  (no boots)
Stlth    ++........             (no amulet)
HPRegen  0.08/turn              (no ring)
MPRegen  0.13/turn              (no ring)

@: about to teleport
A: no striking features
a: no special abilities


You were on level 3 of the Dungeon.
You visited 1 branch of the dungeon, and saw 3 of its levels.

You collected 94 gold pieces.

Inventory:

Armour
 a - a +0 robe (worn)
Magical Staves
 b - a staff of cold (weapon)
 e - a staff of air
Jewellery
 c - a ring of flight
 g - a +6 ring of strength
Scrolls
 i - a scroll of teleportation
Potions
 d - a potion of magic
 h - a potion of might
 j - a potion of mutation {unknown}


   Skills:
 + Level 1.2 Fighting
 + Level 0.7 Staves
 + Level 3.3 Dodging
 - Level 3.0 Stealth
 - Level 4.0 Spellcasting
 + Level 5.1 Necromancy
 + Level 0.8 Evocations


You had 3 spell levels left.
You knew the following spells:

 Your Spells              Type           Power      Damage    Failure   Level
a - Pain                  Necr           100%       1d9       1%          1
b - Vampiric Draining     Necr           12%        2d7       4%          3
c - Animate Dead          Necr           12%        N/A       14%         4

Your spell library contained the following spells:

 Spells                   Type           Power      Damage    Failure   Level
 Animate Skeleton         Necr           50%        N/A       1%          1
 Dazzling Flash           Conj/Hex       8%         N/A       34%         3
 Gell's Gravitas          Tloc           2%         N/A       34%         3
 Teleport Other           Tloc           4%         N/A       34%         3
 Agony                    Necr           25%        N/A       38%         5
 Iskenderun's Mystic Bla  Conj/Tloc      4%         2d3       75%         4
 Dispersal                Tloc           2%         N/A       100%        6
 Starburst                Conj/Fire      2%         8x6d3     100%        6


Dungeon Overview and Level Annotations

Branches:
Dungeon (3/15)

Altars:

Shops:
D:2 [

Annotations:
D:3 Robin


Message History

You feel life coursing into your body. Robin throws the goblin at you!
The goblin hits you with a +0 dagger. The hobgoblin completely misses you.
As you read the scroll of teleportation, it crumbles to dust.
You feel strangely unstable. The goblin barely misses you.
The hobgoblin hits you.
* * * LOW HITPOINT WARNING * * *
Casting: Vampiric Draining (quite dangerous; 4% risk of failure)
Confirm with . or Enter, or press ? or * to list all spells.
The spell is quite dangerous to cast (4% risk of failure)!
Continue anyway?
Aiming: Vampiric Draining (quite dangerous; 4% risk of failure)
Press: ? - help, Shift-Dir - straight line, f - goblin
Aim: a goblin, wielding a +0 dagger (strong)
You draw life force from the goblin!
You kill the goblin!
You feel life coursing into your body.
An orc comes into view. It is wielding a +0 club.
Robin throws the goblin at you!
* * * LOW HITPOINT WARNING * * *
The hobgoblin barely misses you.
Casting: Vampiric Draining (quite dangerous; 4% risk of failure)
Confirm with . or Enter, or press ? or * to list all spells.
You don't have enough magic to cast this spell.
Casting: Vampiric Draining (quite dangerous; 4% risk of failure)
Confirm with . or Enter, or press ? or * to list all spells.
Aiming: Pain (safe; 1% risk of failure)
Press: ? - help, Shift-Dir - straight line, f - goblin
Aim: a goblin, wielding a +0 club (strong, chance to affect: 93%)
The goblin writhes in agony.
The goblin barely misses you. The hobgoblin closely misses you.
Casting: Pain (safe; 1% risk of failure)
Confirm with . or Enter, or press ? or * to list all spells.
Aiming: Pain (safe; 1% risk of failure)
Press: ? - help, Shift-Dir - straight line, f/p - goblin
Aim: a goblin, wielding a +0 club (severely wounded, strong, chance to affect: 93%)
The goblin writhes in agony.
An endoplasm comes into view.
The goblin hits you with a +0 club.
* * * LOW HITPOINT WARNING * * *
The hobgoblin hits you.
You die...

.........# #.#
.......### ### ......##
.....## .....# .....##
......## ##J
.......############g.o..
...............g@gggg...
.............######g....
.............# ...
.............# .
.....#.####'## )##..#.#
#.######## .....#.#
#......... .....#.#
#########. ######.#


You could see Robin, an orc, an endoplasm, 3 hobgoblins and 3 goblins.

Vanquished Creatures
  4 gnolls (D:2)
  2 dart slugs
  An orc (D:3)
  5 ball pythons
  3 endoplasms
  5 giant cockroaches
  7 goblins
  2 hobgoblins (D:2)
  3 jackals (D:1)
  A quokka (D:1)
  2 bats
  A kobold (D:1)
  7 rats
43 creatures vanquished.

Notes
Turn   | Place    | Note
-------+----------+-------------------------------------------
     0 | D:1      | hawla the Deep Elf Necromancer began the quest for the Orb.
     0 | D:1      | Reached XP level 1. HP: 10/10 MP: 6/6
   365 | D:1      | Reached XP level 2. HP: 3/16 MP: 1/8
   524 | D:1      | Reached skill level 5 in Necromancy
  1905 | D:2      | You fall into a shaft and drop 1 floor!
  1997 | D:2      | Reached XP level 3. HP: 14/20 MP: 5/10
  2001 | D:2      | Learned a level 3 spell: Vampiric Draining
  2175 | D:2      | Reached skill level 1 in Fighting
  3040 | D:2      | Reached XP level 4. HP: 22/25 MP: 9/12
  3045 | D:2      | Learned a level 4 spell: Animate Dead
  3184 | D:2      | Found Geukh's Antique Armour Emporium.
  3542 | D:3      | Noticed Robin
  3550 | D:3      | Slain by a hobgoblin

Illustrated notes

Levels and vault maps discovered:
D:1:      minmay_arrival_cross, layout_loops_ring
D:2:      layout_basic, serial_shops, nicolae_shop_trees
D:3:      layout_basic, marbit_many_paths, grunt_decor_one_mirror, uniq_robin,
          uniq_ijyb

Skill      XL: |  1  2  3 |
---------------+----------+-----
Necromancy     | 5 |  5.1
Stealth        | 3 |  3.0
Dodging        | 3 |  3.3
Fighting       | 1 |  1.2
Spellcasting   | 4 |  4.0
Staves         | |  0.7
Evocations     | |  0.8

Action                   |  1- 3 |  4- 6 || total
-------------------------+-------+-------++-------
Melee: Staff             |     2 |    10 ||    12
 Cast: Pain              |    60 |    15 ||    75
       Vampiric Draining |     4 |     3 ||     7
  Use: Scroll            |     3 |     4 ||     7
       Potion            |     1 |       ||     1
 Stab: Sleeping          |       |     1 ||     1
Armor: Robe              |     4 |     2 ||     6
Dodge: Dodged            |    10 |    20 ||    30
